 Dungeon Crawl Stone Soup version 0.20-a0-513-g02c11fc (webtiles) character file.

576 Firecrotchwizard the Magician (level 7, 0/32 HPs)
             Began as a Spriggan Venom Mage on Jan 22, 2017.
             Was an Initiate of Vehumet.
             Killed by nerve-wracking pain
             ... invoked by Menkaure
              (10 damage)
             ... on level 5 of the Dungeon on Feb 2, 2017.
             The game lasted 00:21:05 (4466 turns).

Firecrotchwizard the Magician (Spriggan Venom Mage) Turns: 4466, Time: 00:21:05

Health: 0/32       AC:  2    Str:  4    XL:     7   Next: 12%
Magic:  7/15       EV: 18    Int: 19    God:    Vehumet [......]
Gold:   255        SH:  0    Dex: 16    Spells: 12/16 levels left

rFire    . . .     SeeInvis +   e - +0 spear
rCold    . . .     Gourm    .   a - +0 robe
rNeg     . . .     Faith    .   (shield restricted)
rPois    .         Spirit   .   (helmet restricted)
rElec    .         Reflect  .   (no cloak)
rCorr    .         Harm     .   (gloves unavailable)
MR       +....                  (boots unavailable)
Stlth    ++........             (no amulet)
Regen    0.1/turn               (no ring)
                                (no ring)

@: about to teleport, very quick
A: unfitting armour, see invisible, herbivore 3, speed 3, slow metabolism 2
a: Renounce Religion


You were on level 5 of the Dungeon.
You worshipped Vehumet.
Vehumet was noncommittal.
You were not hungry.

You visited 1 branch of the dungeon, and saw 5 of its levels.

You collected 255 gold pieces.

Inventory:

Hand Weapons
 e - a +0 spear (weapon)
 y - a +2 short sword of draining
Missiles
 r - 6 poisoned needles
 u - 8 needles of sleeping
Armour
 a - a +0 robe (worn)
Wands
 m - a wand of lightning (9/15)
 x - a wand of polymorph (14/24)
Scrolls
 d - a scroll of teleportation
 h - a scroll of fog {unknown}
 i - a scroll of enchant weapon {unknown}
 j - a scroll of remove curse {unknown}
 k - 2 scrolls of amnesia {unknown}
 n - a scroll of enchant armour {unknown}
 q - 3 scrolls of recharging {unknown}
 s - a scroll of identify {unknown}
 v - a scroll of noise {unknown}
 z - a scroll of immolation {unknown}
Potions
 f - a potion of cure mutation {unknown}
 g - 2 potions of curing {unknown}
 l - a potion of haste {unknown}
 o - a potion of resistance {unknown}
 p - 2 potions of agility {unknown}
 t - a potion of flight {unknown}
 w - a potion of brilliance {unknown}
Books
 b - a Young Poisoner's Handbook

   Spells                             Type                      Level
   a - Sting                          Conjuration/Poison           1
   b - Poisonous Vapours              Poison/Air                   2
   c - Mephitic Cloud                 Conjuration/Poison/Air       3
   d - Olgreb's Toxic Radiance        Poison                       4
   e - Venom Bolt                     Conjuration/Poison           5
Comestibles
 c - 2 bread rations


   Skills:
 - Level 3.0 Dodging
 - Level 3.0 Stealth
 + Level 5.2 Spellcasting
 * Level 3.8 Conjurations
 + Level 5.1 Poison Magic


You had 12 spell levels left.
You knew the following spells:

 Your Spells              Type           Power        Failure   Level  Hunger
a - Sting                 Conj/Pois      ###.         1%          1    None
b - Mephitic Cloud        Conj/Pois/Air  ###.....     12%         3    ##.....


Dungeon Overview and Level Annotations

Branches:
Dungeon (5/15)
 Temple: D:4-7

Altars:
Vehumet
Xom
Beogh

Annotations:
D:2 exclusion: adder, Sigmund
D:5 Grinder, Menkaure, Pikel, Prince Ribbit


Innate Abilities, Weirdness & Mutations

You are very small and have problems with some larger weapons.
You are too small for most types of armour.
You have supernaturally acute eyesight. (SInv)
You are a herbivore.
You cover ground extremely quickly.
You need consume almost no food.


Message History

Menkaure, Prince of Dust comes into view.
Prince Ribbit comes into view.
Prince Ribbit croaks.
Prince Ribbit blinks!
Prince Ribbit misses you.
Found a scroll labeled LOXUFA HUOLO.
You see here a scroll labeled LOXUFA HUOLO.
z - a scroll labeled LOXUFA HUOLO Prince Ribbit croaks regally.
Prince Ribbit blinks!
You hit Prince Ribbit but do no damage. Prince Ribbit hits you!
* * * LOW HITPOINT WARNING * * *
Prince Ribbit asks, "Just a little smooch?"
Prince Ribbit blinks!
Prince Ribbit blinks!
As you read the scroll of teleportation, it crumbles to dust.
You feel strangely unstable.
Menkaure points at you and mumbles some strange words.
Pain shoots through your body!
You die...

#. #.. #.. .#.. ...
############ .##..
#...F.@..M.# .Y...
#.########.# #..
######.## #.# #..
#..F.F.##...###.####
...#
#ยง######...........#
# # ....###.##.# # #.
#.##.##### #
#........# #
#......#.#####


You could see Prince Ribbit and Menkaure.

Vanquished Creatures
  A sky beast (D:5)
  An ogre (D:4)
  A hound (D:3)
  An orc wizard (D:5)
  An orc priest (D:5)
  2 iguanas (D:4)
  2 worker ants (D:4)
  11 adders
  4 worms
  A dart slug (D:2)
  3 leopard geckos
  12 orcs
  A ball python (D:2)
  8 bats
  A giant cockroach (D:4)
  4 goblins
  9 hobgoblins
  4 jackals (D:2)
  12 kobolds
  A quokka (D:5)
  5 frilled lizards
  20 rats
105 creatures vanquished.

Vanquished Creatures (others)
  An adder (D:3)
  An orc (D:3)
  A goblin (D:3)
  2 kobolds (D:3)
5 creatures vanquished.

Grand Total: 110 creatures vanquished

Notes
Turn   | Place    | Note
-------+----------+-------------------------------------------
     0 | D:1      | Firecrotchwizard the Spriggan Venom Mage began the quest for the Orb.
     0 | D:1      | Reached XP level 1. HP: 9/9 MP: 5/5
   101 | D:1      | Reached skill level 1 in Conjurations
   151 | D:1      | Reached XP level 2. HP: 13/13 MP: 4/6
   762 | D:2      | Reached XP level 3. HP: 16/16 MP: 4/8
   826 | D:2      | Noticed Sigmund
   975 | D:2      | Learned a level 3 spell: Mephitic Cloud
  1446 | D:2      | Reached XP level 4. HP: 13/21 MP: 5/9
  2380 | D:3      | Found a shimmering altar of Xom.
  2662 | D:3      | Found a radiant altar of Vehumet.
  2674 | D:3      | Reached XP level 5. HP: 20/24 MP: 1/11
  3059 | D:4      | Noticed an ogre
  3061 | D:4      | Noticed a phantom
  3408 | D:4      | Reached XP level 6. HP: 25/28 MP: 7/13
  3540 | D:4      | Found a roughly hewn altar of Beogh.
  4150 | D:3      | Became a worshipper of Vehumet
  4184 | D:5      | Entered Level 5 of the Dungeon
  4184 | D:5      | Noticed Grinder
  4195 | D:5      | Noticed a slave
  4198 | D:5      | Noticed a slave
  4289 | D:5      | Reached skill level 5 in Spellcasting
  4342 | D:5      | Noticed Pikel
  4349 | D:5      | Noticed a sky beast
  4396 | D:5      | Killed a sky beast
  4396 | D:5      | Reached skill level 5 in Poison Magic
  4396 | D:5      | Reached XP level 7. HP: 17/32 MP: 3/15
  4425 | D:5      | Noticed Menkaure
  4436 | D:5      | Noticed Prince Ribbit
  4466 | D:5      | Killed from afar by Menkaure

Vault maps used:
D:1:      erik_arrival_orb_chamber
D:2:      kennysheep_six_static_rooms, first_bread, uniq_sigmund
D:3:      fiery_altar_vehumet, minivault_24, minmay_misc_feat_hallway,
          xom_teletrap_fun
D:4:      kennysheep_orc_chapel
D:5:      elyvilon_altar_1, uniq_crazy_yiuf_cottage, uniq_menkaure, uniq_pikel,
          uniq_prince_ribbit1, uniq_grinder

Skill      XL: |  1  2  3  4  5  6 |
---------------+-------------------+-----
Conjurations   | 1 2 3 |  3.8
Spellcasting   | 3 4 5 |  5.2
Poison Magic   | 4 5 |  5.1
Dodging        | |  3.0
Stealth        | |  3.0

Action                   |  1- 3 |  4- 6 |  7- 9 || total
-------------------------+-------+-------+-------++-------
Melee: Spear             |    40 |    92 |     1 ||   133
 Cast: Sting             |    68 |   153 |     2 ||   223
  Use: Scroll            |       |     1 |     1 ||     2
 Stab: Sleeping          |       |     1 |       ||     1
  Eat: Royal jelly       |       |     1 |       ||     1
Armor: Robe              |     6 |     8 |       ||    14
Dodge: Dodged            |    38 |    73 |     1 ||   112
